 Dungeon Crawl Stone Soup version 0.22-a0-512-g0943f25562 (webtiles) character file.

242470 Oravi the Eclecticist (level 18, -4/157 HPs)
             Began as a Purple Draconian Conjurer on June 17, 2018.
             Was a High Priest of Vehumet.
             Slain by a glaive of flaming (27 damage)
             ... on level 1 of the Elven Halls on June 18, 2018.
             The game lasted 06:44:11 (71711 turns).

Oravi the Eclecticist (Purple Draconian Conjurer)  Turns: 71711, Time: 06:44:12

Health: -4/157     AC: 19    Str: 11    XL:     18   Next: 68%
Magic:  8/51       EV: 17    Int: 24    God:    Vehumet [*****.]
Gold:   487        SH: 22    Dex: 11    Spells: 10/58 levels left

rFire    . . .     SeeInvis .   O - +0 rapier (elec)
rCold    + + .     Gourm    .   L - +4 shield {reflect}
rNeg     + . .     Faith    .   (armour unavailable)
rPois    +         Spirit   .   n - +2 hat
rElec    +         Reflect  +   W - +2 cloak {MR+}
rCorr    .         Harm     .   X - +1 pair of gloves
MR       ++++.                  N - +1 pair of boots "Mosibenwy" {*Drain +Fly rElec Slay+2}
Stlth    ++........             Y - +5 amulet of reflection
HPRegen  0.36/turn              J - ring of Qaon {rPois rC++ rN+ MP+9 Stlth-}
MPRegen  0.32/turn              U - ring of protection from magic

@: no status effects
A: breathe power, unfitting armour, cold-blooded, AC +10
}: 2/15 runes: decaying, serpentine
a: Breathe Dispelling Energy, Renounce Religion, Evoke Flight


You were on level 1 of the Elven Halls.
You worshipped Vehumet.
Vehumet was extremely pleased with you.
You were not hungry.

You visited 7 branches of the dungeon, and saw 33 of its levels.
You also visited: Sewer and Ice Cave.

You collected 3159 gold pieces.
You spent 2672 gold pieces at shops.

Inventory:

Hand Weapons
 v - a +2 dagger of holy wrath
 M - a +0 dagger of venom
 O - a +0 rapier of electrocution (weapon)
 T - a +2 scimitar of slicing
Missiles
 a - 731 stones (quivered)
Armour
 n - a +2 hat (worn)
 L - a +4 shield of reflection (worn)
 N - the +1 pair of boots "Mosibenwy" (worn) {*Drain +Fly rElec Slay+2}
   (You bought it in a shop on level 9 of the Dungeon)

   It affects your accuracy and damage with ranged weapons and melee attacks
   (+2).
   It insulates you from electricity.
   It lets you fly.
   It causes draining when unequipped.
 W - a +2 cloak of magic resistance (worn)
 X - a +1 pair of gloves (worn)
Magical Staves
 e - an uncursed staff of death
Jewellery
 k - an uncursed ring of positive energy
 y - an uncursed ring of see invisible
 A - an uncursed ring of ice
 F - a +5 ring of strength
 G - an uncursed ring of resist corrosion
 J - the ring of Qaon (left hand) {rPois rC++ rN+ MP+9 Stlth-}
   (You bought it in a shop on level 2 of the Orcish Mines)

   [ring of positive energy]

   It greatly protects you from cold.
   It protects you from poison.
   It protects you from negative energy.
   It affects your magic capacity (+9).
   It makes you less stealthy.
 U - a ring of protection from magic (right hand)
 Y - a +5 amulet of reflection (around neck)
Wands
 d - a wand of digging (15)
Scrolls
 h - 17 scrolls of remove curse
 j - a scroll of blinking
 r - 9 scrolls of teleportation
 t - a scroll of summoning
 u - a scroll of holy word
 E - 5 scrolls of fear
 I - 2 scrolls of fog
 Q - 8 scrolls of identify
 S - 5 scrolls of magic mapping
Potions
 c - 5 potions of flight
 g - 3 potions of brilliance
 i - 5 potions of ambrosia
 l - 2 potions of resistance
 m - 8 potions of curing
 o - 2 potions of magic
 p - 5 potions of heal wounds
 s - 7 potions of agility
 B - 5 potions of haste
 D - 4 potions of invisibility
 K - a potion of berserk rage
 V - 3 potions of might
 Z - 4 potions of cancellation
Comestibles
 b - 17 rations


   Skills:
 - Level 13.0 Fighting
 - Level 11.0 Dodging
 - Level 5.0 Stealth
 - Level 15.0 Shields
 + Level 20.5 Spellcasting
 + Level 14.1 Conjurations
 - Level 2.9 Charms
 - Level 5.0 Translocations
 - Level 5.6 Fire Magic
 - Level 5.6 Ice Magic
 - Level 3.0 Air Magic
 - Level 5.0 Earth Magic
 - Level 5.0 Poison Magic


You had 10 spell levels left.
You knew the following spells:

 Your Spells              Type           Power        Failure   Level  Hunger
a - Bolt of Fire          Conj/Fire      ######....   1%          6    ##.....
b - Bolt of Cold          Conj/Ice       ######....   1%          6    ##.....
c - Iskenderun's Mystic   Conj           #######.     1%          4    None
d - Orb of Destruction    Conj           #######...   1%          7    #####..
e - Freezing Cloud        Conj/Ice/Air   ######....   3%          6    ##.....
f - Venom Bolt            Conj/Pois      ######....   1%          5    None
g - Bolt of Magma         Conj/Fire/Erth ######....   1%          5    None
h - Force Lance           Conj/Tloc      ######..     1%          4    None
i - Iskenderun's Battles  Conj/Chrm      ######..     1%          5    None

Your spell library contained the following spells:

 Spells                   Type           Power        Failure   Level  Hunger
 Magic Dart               Conj           ####         0%          1    None
 Apportation              Tloc           #####.       1%          1    None
 Confuse                  Hex            ###.....     5%          3    None
 Invisibility             Hex            ###.....     95%         6    ##.....
 Tukima's Dance           Hex            ###.....     5%          3    None
 Iron Shot                Conj/Erth      ######....   1%          6    ##.....
 Statue Form              Tmut/Erth      #####....    69%         6    ##.....
 Ensorcelled Hibernation  Hex/Ice        #####.       1%          2    None
 Summon Butterflies       Summ           ###.....     1%          1    None
 Shatter                  Erth           #####.....   100%        9    #######
 Corona                   Hex            ###....      1%          1    None
 Alistair's Intoxication  Tmut/Pois      #####...     19%         5    None
 Leda's Liquefaction      Hex/Erth       #####.....   6%          4    None
 Fulminant Prism          Conj/Hex       ######....   1%          4    None
 Dazzling Spray           Conj/Hex       ######       1%          3    None
 Searing Ray              Conj           ######       0%          2    None
 Spellforged Servitor     Conj/Summ      ######....   21%         7    #####..
 Lesser Beckoning         Tloc           #####.....   1%          3    None


Dungeon Overview and Level Annotations

Branches:
Dungeon (15/15)            Temple (1/1) D:6            Lair (6/6) D:10
  Swamp (4/4) Lair:3        Snake (4/4) Lair:2        Slime (0/5) Lair:6
    Orc (2/2) D:10            Elf (1/3) Orc:2        Vaults (0/5) D:14
 Depths (0/5) D:15

Altars:
Ashenzari
Cheibriados
Dithmenos
Elyvilon
Fedhas
Gozag
Hepliaklqana
Kikubaaqudgha
Makhleb
Nemelex Xobeh
Okawaru
Qazlal
Ru
Sif Muna
Trog
Uskayaw
Vehumet
Wu Jian
Xom
Yredelemnul
Zin
The Shining One
Jiyva

Shops:
D:6 =   D:7 [   D:9 [   Orc:1 }   Orc:2 ![(=   Snake:2 (   Snake:3 *

Annotations:
Elf:1 3 runed doors, Aizul; Duruitt's ghost, adept DDBe


Innate Abilities, Weirdness & Mutations

You can breathe bolts of dispelling energy.
Your rich purple scales are hard. (AC +10)
You cannot fit into any form of body armour.
You are cold-blooded and may be slowed by cold attacks.


Message History

You block the fire elemental's attack.
You feel sick.
The glaive of flaming is engulfed in blazing flames. x2
You feel sick. Aizul hits you but does no damage.
The deep elf archer is engulfed in blazing flames.
You feel sick.
You feel sick.
Aizul coils herself and waves her upper body at you.
The bolt of poison hits you!
You are more poisoned.
You resist.
* * * LOW HITPOINT WARNING * * *
You feel very sick.
The glaive of flaming is engulfed in blazing flames.
You feel better. Aizul completely misses you.
The fire elemental barely misses you. Aizul hits you!
* * * LOW HITPOINT WARNING * * *
The deep elf archer is engulfed in blazing flames.
The glaive of flaming hits you from afar!!
You die...

############################
...)<...........@S(e........
................)E§.§...)...
#############'######..######
...................#..#
...................#.§#
...................#..#
####################..#
......................#
......................#


You could see Aizul, a deep elf archer, a fire elemental and a glaive of
flaming.

Vanquished Creatures
  Saint Roka (Snake:2)
  Nikola (Swamp:2)
  Rupert (Lair:5)
  Gastronok (Lair:2)
  Kirke (Lair:4)
  A thorn hunter (Swamp:1)
  Roxanne (Swamp:2)
  9 nagarajas
  A very ugly thing (Swamp:4)
  A deep elf demonologist (Elf:1)
  A deep elf annihilator (Elf:1)
  2 entropy weavers (Lair:4)
  Azrael (Snake:1)
  2 green deaths (Swamp:4)
  A death ooze (Swamp:4)
  25 hydras
  4 vault guards (D:14)
  12 naga warriors
  2 hell beasts (Swamp:4)
  2 ghost crabs (Swamp:1)
  3 centaur warriors
  4 dancing weapons (Elf:1)
  11 anacondas
  A catoblepas (Lair:6)
  9 two-headed ogres
  A deep troll shaman (Lair:6)
  6 alligators
  2 ogre magi (D:15)
  3 death yaks (Lair:6)
  A queen ant (Lair:4)
  3 orc high priests (Orc:2)
  2 thrashing horrors (Swamp:4)
  6 deep elf knights (Elf:1)
  Sonja (Lair:1)
  9 shock serpents
  21 naga sharpshooters
  A salamander mystic (Snake:2)
  An unseen horror (D:14)
  A spriggan druid (Swamp:3)
  9 naga ritualists
  2 shambling mangroves
  The ghost of ciphuk the Quickloader, a novice KoHu of Dithmenos (D:7)
  2 deep elf archers (Elf:1)
  5 swamp dragons
  A lindwurm (Lair:6)
  11 mana vipers
  6 orc knights
  7 ugly things
  A manticore (D:15)
  7 salamanders
  5 orc sorcerers
  4 deep elf magi (Elf:1)
  3 cyclopes
  17 elephants
  2 centaur zombies (D:15)
  36 black mambas
  3 ice statues (IceCv)
  29 naga magi
  4 guardian serpents (Snake:1)
  14 spiny frogs
  An orange demon (Swamp:4)
  6 komodo dragons
  3 efreet (D:15)
  5 rime drakes
  2 ice devils (Lair:5)
  6 trolls
  9 tyrant leeches
  Grinder (D:5)
  A queen bee (D:8)
  4 polar bears
  7 hornets
  20 slime creatures
  6 dream sheep (Lair:4)
  23 blink frogs
  12 bog bodies
  7 hippogriffs
  An air elemental (Elf:1)
  The ghost of nubinia the Stinger, an amateur GrVM of Ashenzari (D:3)
  8 shadows
  Sigmund (D:4)
  7 spriggans
  A centaur simulacrum (D:14)
  A large abomination (Swamp:4)
  31 yaks
  A water elemental (Elf:1)
  2 wyverns
  A fire bat (shapeshifter) (D:15)
  3 wraiths
  2 fire elementals
  3 hogs (Lair:4)
  A hungry ghost (D:11)
  3 basilisks
  A steam dragon (D:7)
  8 vampire mosquitoes
  12 insubstantial wisps
  4 wargs
  Menkaure (D:7)
  48 nagas
  23 soldier ants
  19 swamp worms
  5 hell hounds (Snake:1)
  16 water moccasins
  10 porcupines
  5 swamp drakes
  10 sky beasts
  10 ice beasts
  30 orc warriors
  14 ogres
  A phantom (D:5)
  4 black bears
  An eye of draining (D:14)
  3 boggarts (D:15)
  10 wolves
  7 crocodiles
  17 centaurs
  3 big kobolds (Sewer)
  19 bullfrogs
  6 scorpions
  20 killer bees
  13 wights
  2 vampire bats (D:3)
  2 electric eels
  2 howler monkeys
  3 crimson imps
  6 jellies
  10 hounds
  21 orc priests
  Crazy Yiuf (D:2)
  29 orc wizards
  3 centaur skeletons
  Terence (D:3)
  4 iguanas
  Ijyb (D:3)
  23 worker ants
  A killer bee zombie (D:6)
  A hound zombie (D:10)
  2 hound skeletons
  A howler monkey zombie (D:5)
  2 worker ant zombies
  13 adders
  A howler monkey skeleton (D:8)
  7 river rats (Sewer)
  A shadow imp (D:11)
  2 oozes
  2 adder skeletons
  3 worms
  2 dart slugs
  11 leopard geckos
  96 orcs
  6 ball pythons
  2 bat skeletons (D:3)
  4 bat zombies (D:3)
  6 giant cockroaches
  9 goblins
  7 hobgoblins
  12 jackals
  5 quokkas
  A ball python skeleton (D:4)
  7 bats
  7 frilled lizards
  26 kobolds
  A quokka skeleton (D:7)
  30 rats
  2 briar patches (Swamp:1)
  A bush (Lair:6)
1204 creatures vanquished.

Vanquished Creatures (others)
  4 naga sharpshooters
  A deep elf archer (Elf:1)
  A cyclops (D:15)
  A swamp worm (Swamp:2)
  2 centaurs (D:14)
  22 fungi
  9 plants
40 creatures vanquished.

Grand Total: 1244 creatures vanquished

Notes
Turn   | Place    | Note
-------+----------+-------------------------------------------
     0 | D:1      | Oravi the Draconian Conjurer began the quest for the Orb.
     0 | D:1      | Reached XP level 1. HP: 14/14 MP: 3/3
   479 | D:1      | Reached XP level 2. HP: 20/20 MP: 3/5
   483 | D:1      | Learned a level 2 spell: Searing Ray
  1151 | D:2      | Reached XP level 3. HP: 25/26 MP: 0/7
  1412 | D:2      | Found a hazy altar of Hepliaklqana.
  1580 | D:2      | Reached skill level 3 in Spellcasting
  1731 | D:2      | Found a runed door.
  1891 | D:3      | Noticed Ijyb
  1943 | D:3      | Paralysed by Ijyb for 7 turns
  1959 | D:3      | Paralysed by Ijyb for 7 turns
  1979 | D:3      | Killed Ijyb
  1979 | D:3      | Reached XP level 4. HP: 27/33 MP: 3/8
  2084 | D:3      | Noticed nubinia's ghost (amateur GrVM)
  2151 | D:3      | Reached skill level 5 in Conjurations
  2601 | D:3      | Found a glowing drain.
  2610 | Sewer    | Entered a sewer
  2739 | Sewer    | Noticed a big kobold
  2746 | Sewer    | Killed a big kobold
  2746 | Sewer    | Reached skill level 4 in Spellcasting
  2746 | Sewer    | Reached XP level 5. HP: 34/38 MP: 2/11
  3523 | Sewer    | Reached XP level 6. HP: 37/45 MP: 3/12
  3529 | Sewer    | Learned a level 4 spell: Iskenderun's Mystic Blast
  3534 | Sewer    | Learned a level 4 spell: Force Lance
  4112 | Sewer    | Reached skill level 5 in Spellcasting
  4830 | D:3      | Your scales start taking on a rich purple colour.
  4830 | D:3      | Reached skill level 6 in Spellcasting
  4830 | D:3      | Reached XP level 7. HP: 48/50 MP: 3/16
  5082 | D:3      | Found an ancient bone altar of Kikubaaqudgha.
  5433 | D:3      | Noticed Terence
  5439 | D:3      | Killed Terence
  5810 | D:4      | Noticed Sigmund
  5814 | D:4      | Killed Sigmund
  5814 | D:4      | Reached skill level 1 in Fighting
  5934 | D:4      | Reached skill level 7 in Spellcasting
  6103 | D:4      | Reached XP level 8. HP: 61/61 MP: 13/18
  6748 | D:5      | Entered Level 5 of the Dungeon
  6748 | D:5      | Found a basalt altar of Yredelemnul.
  7753 | D:5      | Noticed Grinder
  7754 | D:5      | Paralysed by Grinder for 5 turns
  7765 | D:5      | Killed Grinder
  8505 | D:5      | Reached XP level 9. HP: 59/71 MP: 20/20
  8984 | D:6      | Found Sijam's Jewellery Shop.
  9016 | D:6      | Reached skill level 8 in Spellcasting
  9229 | D:6      | Found a staircase to the Ecumenical Temple.
  9234 | Temple   | Entered the Ecumenical Temple
  9339 | Temple   | Became a worshipper of Vehumet
  9605 | D:6      | Found an iron altar of Okawaru.
  9727 | D:6      | Found an opulent altar of Gozag.
 10131 | D:6      | Reached skill level 1 in Shields
 10299 | D:7      | Found a burning altar of Makhleb.
 10300 | D:7      | Found an iron altar of Okawaru.
 11100 | D:7      | Found a snail-covered altar of Cheibriados.
 11237 | D:7      | Reached skill level 5 in Fighting
 11241 | D:7      | Reached * piety under Vehumet
 11241 | D:7      | Offered knowledge of Sandblast by Vehumet.
 11488 | D:7      | Noticed ciphuk's ghost (novice KoHu)
 11628 | D:7      | Reached XP level 10. HP: 81/81 MP: 3/22
 11776 | D:7      | Found a glowing silver altar of Zin.
 12110 | D:7      | Noticed Menkaure
 12114 | D:7      | Killed Menkaure
 12114 | D:7      | Reached skill level 5 in Dodging
 12182 | D:7      | Found Roas's Antique Armour Emporium.
 12191 | D:7      | Bought a glowing hat for 168 gold pieces
 12250 | D:7      | Found a stormy altar of Qazlal.
 12467 | D:7      | Killed ciphuk's ghost
 12467 | D:7      | Reached skill level 9 in Spellcasting
 12828 | D:2      | Noticed Crazy Yiuf
 12831 | D:2      | Killed Crazy Yiuf
 13246 | D:3      | Killed nubinia's ghost
 13476 | D:8      | Found a glowing golden altar of the Shining One.
 15548 | D:9      | Reached ** piety under Vehumet
 15548 | D:9      | Offered knowledge of Throw Flame by Vehumet.
 15672 | D:9      | Found Qumoit's Antique Armour Shop.
 15683 | D:9      | Bought a pair of dazzling boots for 313 gold pieces
 15693 | D:9      | Identified the +1 pair of boots "Mosibenwy" {*Drain +Fly rElec Slay+2} (You bought it in a shop on level 9 of the Dungeon)
 15828 | D:9      | Reached skill level 10 in Spellcasting
 16596 | D:9      | Found Qumoit's Antique Armour Shop.
 16959 | D:10     | Entered Level 10 of the Dungeon
 16969 | D:10     | Found a staircase to the Lair.
 16975 | D:10     | Reached XP level 11. HP: 92/92 MP: 16/25
 17023 | D:10     | Noticed a two-headed ogre
 17039 | D:10     | Killed a two-headed ogre
 17093 | D:10     | Reached skill level 10 in Conjurations
 17234 | D:10     | Found a staircase to the Orcish Mines.
 17323 | D:10     | Offered knowledge of Conjure Flame by Vehumet.
 17595 | D:10     | Reached *** piety under Vehumet
 18035 | D:10     | Offered knowledge of Airstrike by Vehumet.
 18041 | D:10     | Learned a level 4 spell: Airstrike
 18485 | D:10     | Found a viscous altar of Jiyva.
 19350 | D:11     | Noticed a two-headed ogre
 19354 | D:11     | Noticed a two-headed ogre
 19377 | D:11     | Killed a two-headed ogre
 19389 | D:11     | Killed a two-headed ogre
 20076 | D:11     | Reached **** piety under Vehumet
 20386 | D:11     | Noticed a four-headed hydra
 20397 | D:11     | Killed a four-headed hydra
 20397 | D:11     | Reached skill level 5 in Stealth
 20397 | D:11     | Reached skill level 11 in Spellcasting
 20397 | D:11     | Reached skill level 1 in Air Magic
 21523 | D:12     | Offered knowledge of Sticky Flame by Vehumet.
 21794 | D:12     | Learned a level 5 spell: Venom Bolt
 21800 | D:12     | Learned a level 5 spell: Bolt of Magma
 22253 | D:13     | Reached skill level 1 in Translocations
 22429 | D:13     | Noticed a centaur warrior
 22430 | D:13     | Reached XP level 12. HP: 103/103 MP: 5/27
 22444 | D:13     | Killed a centaur warrior
 22444 | D:13     | Reached skill level 1 in Fire Magic
 22444 | D:13     | Reached skill level 1 in Earth Magic
 22444 | D:13     | Reached skill level 1 in Poison Magic
 23679 | Lair:1   | Entered Level 1 of the Lair of Beasts
 24014 | Lair:1   | Reached ***** piety under Vehumet
 24070 | Lair:1   | Noticed Sonja
 24076 | Lair:1   | Killed Sonja
 24079 | Lair:1   | Offered knowledge of Bolt of Cold by Vehumet.
 24087 | Lair:1   | Learned a level 6 spell: Bolt of Cold
 24542 | Lair:1   | Reached skill level 1 in Ice Magic
 25647 | Lair:2   | Found a staircase to the Snake Pit.
 25955 | Lair:2   | Noticed Gastronok
 26024 | Lair:2   | Killed Gastronok
 27038 | Lair:2   | Reached XP level 13. HP: 112/112 MP: 8/28
 27508 | D:9      | Bought a pair of ancient gloves for 313 gold pieces
 27571 | Lair:2   | Identified the +1 pair of gloves "Bocwyin" {-Cast rCorr Int+9 Stlth+} (You bought it in a shop on level 9 of the Dungeon)
 28769 | Lair:3   | Found a staircase to the Swamp.
 29258 | Lair:4   | Noticed Kirke
 29466 | Lair:4   | Noticed a sphinx
 29467 | Lair:4   | Killed Kirke
 29467 | Lair:4   | Reached skill level 10 in Fighting
 30498 | Lair:4   | Offered knowledge of Yara's Violent Unravelling by Vehumet.
 30784 | Lair:4   | Reached skill level 12 in Spellcasting
 30937 | Lair:4   | Noticed an entropy weaver
 31078 | Lair:4   | Noticed an entropy weaver
 31213 | Lair:4   | Killed an entropy weaver
 31558 | Lair:4   | Killed an entropy weaver
 32388 | Lair:5   | Found a frozen archway.
 32483 | IceCv    | Entered an ice cave
 33311 | IceCv    | Got a faintly glowing steel amulet
 33384 | Lair:5   | Identified the amulet of Plog {Gourm *Drain Int+4} (You found it in an ice cave)
 33392 | Lair:5   | Reached skill level 5 in Poison Magic
 33708 | Lair:5   | Reached skill level 5 in Earth Magic
 33792 | Lair:5   | Reached skill level 5 in Translocations
 34039 | Lair:5   | Reached skill level 5 in Fire Magic
 34039 | Lair:5   | Reached XP level 14. HP: 122/122 MP: 16/30
 34172 | Lair:5   | Noticed Rupert
 34832 | Lair:5   | Paralysed by Rupert for 6 turns
 35015 | Lair:5   | Killed Rupert
 35015 | Lair:5   | Reached skill level 5 in Ice Magic
 35852 | Lair:6   | Entered Level 6 of the Lair of Beasts
 37431 | Lair:6   | Offered knowledge of Conjure Ball Lightning by Vehumet.
 37833 | Lair:6   | Found a viscous altar of Jiyva.
 37834 | Lair:6   | Found a staircase to the Slime Pits.
 38353 | Lair:6   | Reached skill level 13 in Spellcasting
 39069 | Lair:6   | Reached skill level 10 in Dodging
 40064 | D:14     | Identified a scroll of acquirement
 40065 | D:14     | Got a flickering copper amulet
 40066 | D:14     | Identified the amulet "Cogiduh" {Faith +Inv Int+3 Dex-2 SInv} (You acquired it on level 14 of the Dungeon)
 40665 | D:14     | Found a gate to the Vaults.
 41339 | D:14     | Found a glowing golden altar of the Shining One.
 41586 | D:15     | Entered Level 15 of the Dungeon
 41667 | D:15     | Reached XP level 15. HP: 109/132 MP: 4/32
 42585 | D:15     | Learned a level 5 spell: Iskenderun's Battlesphere
 42979 | D:15     | Found a shadowy altar of Dithmenos.
 43597 | D:15     | Reached skill level 1 in Charms
 43672 | D:15     | Found a staircase to the Depths.
 44052 | Orc:1    | Entered Level 1 of the Orcish Mines
 45012 | Orc:2    | Entered Level 2 of the Orcish Mines
 45030 | Orc:1    | Reached skill level 14 in Spellcasting
 45326 | Orc:2    | Offered knowledge of Lee's Rapid Deconstruction by Vehumet.
 45660 | Orc:2    | Found a staircase to the Elven Halls.
 47184 | Orc:2    | Found Dovarusm's Antique Armour Shop.
 47184 | Orc:2    | Found Zeqi's Distillery.
 47185 | Orc:2    | Found Hoanotey's Jewellery Emporium.
 47185 | Orc:2    | Found Weheuppyrgh's Weapon Emporium.
 47353 | Orc:1    | Found Dyilasch's Gadget Boutique.
 47604 | Orc:2    | Bought a shiny shield for 232 gold pieces
 47985 | Orc:2    | Bought the ring of Qaon {rPois rC++ rN+ MP+9 Stlth-} for 926 gold pieces
 48180 | Swamp:1  | Entered Level 1 of the Swamp
 48344 | Swamp:1  | Reached skill level 5 in Shields
 49771 | Swamp:1  | Noticed a thorn hunter
 49777 | Swamp:1  | Killed a thorn hunter
 49865 | Swamp:1  | Reached skill level 10 in Shields
 50360 | Swamp:1  | You fall through a shaft!
 50368 | Swamp:2  | Reached ****** piety under Vehumet
 50633 | Swamp:2  | Noticed Nikola
 50646 | Swamp:2  | Killed Nikola
 50646 | Swamp:2  | Reached XP level 16. HP: 132/141 MP: 12/34
 50845 | Swamp:2  | Offered knowledge of Ozocubu's Refrigeration by Vehumet.
 50903 | Swamp:2  | Noticed Roxanne
 51068 | Swamp:2  | Killed Roxanne
 53660 | Swamp:4  | Entered Level 4 of the Swamp
 55114 | Swamp:4  | Offered knowledge of Bolt of Fire by Vehumet.
 55122 | Swamp:4  | Learned a level 6 spell: Bolt of Fire
 55563 | Swamp:4  | Reached skill level 15 in Shields
 57008 | Swamp:4  | Got a decaying rune of Zot
 57494 | D:14     | Learned a level 7 spell: Orb of Destruction
 57669 | Snake:1  | Entered Level 1 of the Snake Pit
 57936 | Snake:1  | Noticed Azrael
 57946 | Snake:1  | Killed Azrael
 58297 | Snake:1  | Reached XP level 17. HP: 83/149 MP: 4/35
 58603 | Snake:1  | Reached skill level 15 in Spellcasting
 59807 | Snake:1  | Upgraded the game from 0.22-a0-482-g76e0a5f51a to 0.22-a0-512-g0943f25562
 60124 | Snake:1  | Reached skill level 16 in Spellcasting
 61842 | Snake:2  | Noticed Saint Roka
 62185 | Snake:2  | Offered knowledge of Freezing Cloud by Vehumet.
 62209 | Snake:1  | Learned a level 6 spell: Freezing Cloud
 62504 | Snake:2  | Reached skill level 17 in Spellcasting
 64041 | Snake:2  | Found Watem's Weapon Emporium.
 64076 | Snake:2  | Killed Saint Roka
 65066 | Snake:3  | Found Fouwigg's Food Boutique.
 65070 | Snake:3  | Bought a ration for 60 gold pieces
 65070 | Snake:3  | Bought a ration for 60 gold pieces
 65070 | Snake:3  | Bought a ration for 60 gold pieces
 65070 | Snake:3  | Bought a ration for 60 gold pieces
 65070 | Snake:3  | Found Tavacky's Assorted Antiques.
 65125 | Snake:4  | Entered Level 4 of the Snake Pit
 65719 | Snake:3  | Reached skill level 18 in Spellcasting
 66761 | Snake:4  | Reached XP level 18. HP: 139/157 MP: 6/40
 67484 | Snake:4  | Reached skill level 19 in Spellcasting
 68028 | Snake:4  | Offered knowledge of Lehudib's Crystal Spear by Vehumet.
 68028 | Snake:4  | Offered knowledge of Glaciate by Vehumet.
 68028 | Snake:4  | Offered knowledge of Ignition by Vehumet.
 69416 | Snake:4  | Reached skill level 20 in Spellcasting
 69898 | Snake:4  | Got a serpentine rune of Zot
 70240 | Snake:3  | Bought a ration for 60 gold pieces
 70240 | Snake:3  | Bought a ration for 60 gold pieces
 70240 | Snake:3  | Bought a ration for 60 gold pieces
 70240 | Snake:3  | Bought a ration for 60 gold pieces
 70240 | Snake:3  | Bought a ration for 60 gold pieces
 70240 | Snake:3  | Bought a ration for 60 gold pieces
 70240 | Snake:3  | Bought a ration for 60 gold pieces
 70240 | Snake:3  | Bought a ration for 60 gold pieces
 70626 | Elf:1    | Entered Level 1 of the Elven Halls
 71190 | Elf:1    | Found a runed gate.
 71191 | Elf:1    | Found a runed gate.
 71192 | Elf:1    | Found a runed gate.
 71192 | Elf:1    | Noticed Duruitt's ghost (adept DDBe)
 71560 | Elf:1    | Got an ancient broad axe
 71561 | Elf:1    | Identified the cursed +3 broad axe of Instinct {flame, +Blink +Rage rN+ MP-9} (You found it on level 1 of the Elven Halls)
 71658 | Elf:1    | Noticed Aizul
 71711 | Elf:1    | Slain by a glaive of flaming

Vault maps used:
D:1:      nzn_arrival_depleted_hourglass
D:2:      lemuel_coloured_pillars_altar, first_ration, uniq_crazy_yiuf_cottage
D:3:      minmay_wonky_spiral, kennysheep_vampire_church, portal_sewer_entry_f,
          uniq_terence, uniq_ijyb
D:4:      kennysheep_generic_room_6, uniq_sigmund
D:5:      corexii_shack_village, yredelemnul_altar_generic, uniq_grinder
D:6:      grunt_gozag_statues, minmay_temple_entry_nine_rooms, serial_shops,
          nicolae_shop_window_shopping, okawaru_trees_2
D:7:      kennysheep_mini, nicolae_overflow_hidden_temple, serial_shops,
          nicolae_shop_waterfront, hangedman_misty_isle, uniq_menkaure
D:8:      david_nohive_1, tso_metal_star
D:9:      serial_shops, shop_coins
D:10:     lair_entry_dummy, erik_orc_3, glass_columns_b, jiyva_altar_1
D:14:     lightli_vaults_fourway_checkpoint, kennysheep_flooded_box
D:15:     hangedman_depths_entry_try_elsewhere_first, lab_entry_generic,
          nicolae_dithmenos_the_darkroom
Temple:   dshaligram_water_room_temple
Lair:1:   grunt_megastairs_5, uniq_sonja
Lair:2:   guppyfry_snake_entry_garden, minmay_holes, minivault_26,
          uniq_gastronok
Lair:3:   minmay_swamp_entry_worms
Lair:4:   zaba_antful_of_joy, uniq_kirke
Lair:5:   portal_ice_cave_demonic_guard, minivault_24, uniq_rupert
Lair:6:   grunt_lair_end_beastmaster, slime_altar_1, lemuel_fruit_tree
Swamp:1:  evilmike_swamp_ruin_house_6, st_swamp_ruins_3
Swamp:2:  evilmike_swamp_ruin_rubble_1, swamp_pool3, infiniplex_staircase_pool,
          uniq_roxanne, uniq_nikola
Swamp:3:  nicolae_swamp_stair_fork
Swamp:4:  swamp_vile
Snake:1:  grunt_ministairs_4, fake_guardian_serpent_vault, grunt_megastairs_2,
          uniq_azrael
Snake:2:  serial_shops, nicolae_shop_trees, basic_stair_grate_trap,
          uniq_saint_roka
Snake:3:  minmay_shoptagon
Snake:4:  snake_pit
Orc:1:    serial_shops, nicolae_shop_crystal
Orc:2:    st_orc_elflike
Elf:1:    gammafunk_ghost_fury_of_okawaru, orc_legates,
          small_chamber_with_monster, uniq_aizul
Sewer:    sewer_minmay_treatment
IceCv:    ice_cave_statue_garden_chambered

Skill      XL: |  1  2  3  4  5  6  7  8  9 10 11 12 13 14 15 16 17 18 |
---------------+-------------------------------------------------------+-----
Spellcasting   | 3 4 6 7 8 10 11 12 13 14 18 20 | 20.5
Conjurations   | 5 6 7 8 9 10 11 12 13 14 | 14.1
Fighting       | 1 3 5 7 8 9 10 12 13 | 13.0
Dodging        | 2 3 4 6 7 8 9 10 11 | 11.0
Stealth        | 2 4 5 |  5.0
Shields        | 4 11 15 | 15.0
Air Magic      | 1 3 |  3.0
Translocations | 1 3 5 |  5.0
Fire Magic     | 3 5 |  5.6
Earth Magic    | 3 5 |  5.0
Poison Magic   | 3 5 |  5.0
Ice Magic      | 2 4 5 |  5.6
Charms         | 2 |  2.9

Action                   |  1- 3 |  4- 6 |  7- 9 | 10-12 | 13-15 | 16-18 || total
-------------------------+-------+-------+-------+-------+-------+-------++-------
Melee: Unarmed           |     1 |       |       |       |       |       ||     1
       Whip              |    31 |   115 |    37 |       |       |       ||   183
       Tailslap          |     2 |     5 |    13 |    51 |    51 |    19 ||   141
       Dagger            |       |       |    59 |   349 |   338 |    48 ||   794
       Hand axe          |       |       |    27 |       |       |       ||    27
       Staff             |       |       |       |       |     1 |     3 ||     4
       Rapier            |       |       |       |       |       |   159 ||   159
Throw: Stone             |    17 |    84 |    86 |    55 |    18 |    27 ||   287
       Tomahawk          |       |       |    11 |    48 |    19 |       ||    78
 Cast: Magic Dart        |    61 |    12 |    25 |    33 |     3 |       ||   134
       Searing Ray       |     5 |    27 |    54 |    86 |     1 |       ||   173
       Iskenderun's Myst |       |    12 |    75 |   177 |   373 |   542 ||  1179
       Force Lance       |       |       |       |    10 |       |    10 ||    20
       Venom Bolt        |       |       |       |    56 |   256 |    23 ||   335
       Airstrike         |       |       |       |     6 |       |       ||     6
       Bolt of Magma     |       |       |       |    14 |   147 |    90 ||   251
       Bolt of Cold      |       |       |       |       |    14 |    57 ||    71
       Iskenderun's Batt |       |       |       |       |    51 |   128 ||   179
       Bolt of Fire      |       |       |       |       |       |   108 ||   108
       Orb of Destructio |       |       |       |       |       |    34 ||    34
 Abil: Breathe Dispellin |       |       |       |     1 |     1 |       ||     2
       Evoke Flight      |       |       |       |       |       |     1 ||     1
  Use: Scroll            |       |     8 |     6 |    16 |    14 |     7 ||    51
       Potion            |       |     1 |       |     5 |     1 |    12 ||    19
 Stab: Distracted        |     1 |       |       |       |       |       ||     1
       Sleeping          |       |       |       |     3 |       |       ||     3
  Eat: Chunk             |     4 |     9 |    22 |    36 |    59 |    26 ||   156
       Ration            |       |     1 |     2 |     9 |    20 |    26 ||    58
Armor: Skin              |    21 |    54 |    92 |   125 |   123 |   113 ||   528
Dodge: Dodged            |    22 |   105 |   130 |   348 |   264 |   236 ||  1105
Block: Buckler           |       |       |       |   203 |   262 |       ||   465
       Reflection        |       |       |       |     2 |    22 |    96 ||   120
       Shield            |       |       |       |       |   106 |   601 ||   707

Table legend:
 A = Spawn XP
 B = Non-spawn XP
 C = Spawn XP percentage of total XP
 D = Spawn monster count
 E = Non-spawn monster count
 F = Spawn count percentage of total count
 G = Total turns spent on level
                    A         B        C        D         E        F      G
               +---------+---------+-------+---------+---------+-------+---------
         Total |       0 |  348677 |   0.0 |       0 |    1210 |   0.0 | 71711
               +---------+---------+-------+---------+---------+-------+---------
           D:1 |       0 |      24 |   0.0 |       0 |      15 |   0.0 |   881
           D:2 |       0 |     105 |   0.0 |       0 |      29 |   0.0 |  1549
           D:3 |       0 |     597 |   0.0 |       0 |      34 |   0.0 |  1807
           D:4 |       0 |     748 |   0.0 |       0 |      22 |   0.0 |  1374
           D:5 |       0 |    1154 |   0.0 |       0 |      33 |   0.0 |  1985
           D:6 |       0 |    1054 |   0.0 |       0 |      25 |   0.0 |  1536
           D:7 |       0 |    2637 |   0.0 |       0 |      33 |   0.0 |  2253
           D:8 |       0 |    2256 |   0.0 |       0 |      29 |   0.0 |  1640
           D:9 |       0 |    1866 |   0.0 |       0 |      29 |   0.0 |  2224
          D:10 |       0 |    7014 |   0.0 |       0 |      78 |   0.0 |  3420
          D:11 |       0 |    3987 |   0.0 |       0 |      18 |   0.0 |  1798
          D:12 |       0 |     477 |   0.0 |       0 |      14 |   0.0 |   940
          D:13 |       0 |    7080 |   0.0 |       0 |      33 |   0.0 |  2473
          D:14 |       0 |   10596 |   0.0 |       0 |      35 |   0.0 |  2312
          D:15 |       0 |   17095 |   0.0 |       0 |      49 |   0.0 |  1925
        Lair:1 |       0 |    5264 |   0.0 |       0 |      20 |   0.0 |  1722
        Lair:2 |       0 |    5823 |   0.0 |       0 |      21 |   0.0 |  2073
        Lair:3 |       0 |    4127 |   0.0 |       0 |      22 |   0.0 |  3159
        Lair:4 |       0 |   13811 |   0.0 |       0 |      50 |   0.0 |  2460
        Lair:5 |       0 |   14321 |   0.0 |       0 |      32 |   0.0 |  2847
        Lair:6 |       0 |   17050 |   0.0 |       0 |      48 |   0.0 |  2845
       Swamp:1 |       0 |   18707 |   0.0 |       0 |      38 |   0.0 |  2022
       Swamp:2 |       0 |   13581 |   0.0 |       0 |      23 |   0.0 |  1834
       Swamp:3 |       0 |   15115 |   0.0 |       0 |      39 |   0.0 |  2245
       Swamp:4 |       0 |   27169 |   0.0 |       0 |      61 |   0.0 |  2649
       Snake:1 |       0 |   34658 |   0.0 |       0 |      73 |   0.0 |  4793
       Snake:2 |       0 |   18852 |   0.0 |       0 |      39 |   0.0 |  2106
       Snake:3 |       0 |   10829 |   0.0 |       0 |      16 |   0.0 |  2059
       Snake:4 |       0 |   61395 |   0.0 |       0 |      93 |   0.0 |  3446
         Orc:1 |       0 |    1851 |   0.0 |       0 |      19 |   0.0 |  1532
         Orc:2 |       0 |    9796 |   0.0 |       0 |      59 |   0.0 |  1996
         Elf:1 |       0 |   15865 |   0.0 |       0 |      22 |   0.0 |   953
         Sewer |       0 |     477 |   0.0 |       0 |      48 |   0.0 |  1854
         IceCv |       0 |    3296 |   0.0 |       0 |      11 |   0.0 |   877
               +---------+---------+-------+---------+---------+-------+---------
